 Dungeon Crawl Stone Soup version 0.29-a0-334-gb41bcbb86e (webtiles) character file.

Game seed: 2347462804863536690

164 spaghetti the Changer (level 5, -2/42 (43) HPs)
             Began as a Deep Dwarf Transmuter on Apr 15, 2022.
             Was a Believer of Kikubaaqudgha.
             Killed by divine providence
             ... invoked by an orc priest
              (9 damage)
             ... on level 3 of the Dungeon.
             The game lasted 00:07:11 (2838 turns).

spaghetti the Changer (Deep Dwarf Transmuter)       Turns: 2838, Time: 00:07:11

HP:   -2/42 (43)    AC:  3    Str: 14    XL:     5   Next: 21%
MP:   1/9           EV: 11    Int: 15    God:    Kikubaaqudgha [**....]
Gold: 137           SH:  3    Dex: 13    Spells: 3/9 levels left

rFire   . . .      SeeInvis .   x - +0 dagger (venom) {short}
rCold   . . .      Faith    .   m - +0 buckler
rNeg    . . .      Spirit   .   a - +0 robe
rPois   .          Reflect  .   (helmet currently unavailable)
rElec   .          Harm     .   (no cloak)
rCorr   .          Rampage  .   E - +0 pair of gloves
Will    .....                   (boots currently unavailable)
Stlth   +.........              (no amulet)
HPRegen 0.00/turn               (no ring)
MPRegen 0.11/turn               (no ring)

@: brilliant, appendages, wereblooded, lightly drained
A: horns 2, talons 2, damage resistance, heal wounds, sense surroundings 1, no
regeneration
a: Heal Wounds, End Transformation, Renounce Religion, Receive Corpses


You were on level 3 of the Dungeon.
You worshipped Kikubaaqudgha.
Kikubaaqudgha was pleased with you.
You had temporarily grown beastly horns and talons.
You visited 1 branch of the dungeon, and saw 3 of its levels.

You collected 137 gold pieces.


Innate Abilities, Weirdness & Mutations

You have temporarily grown beastly horns and talons.
You are resistant to damage.
You can heal yourself by infusing magical energy.
You passively map a small area around you.
You do not regenerate.


   Skills:
 - Level 0.8 Fighting
 - Level 2.1 Dodging
 - Level 2.6 Unarmed Combat
 * Level 2.9 Spellcasting
 * Level 3.0 Necromancy
 + Level 3.2 Transmutations


You had 3 spell levels left.
You knew the following spells:

 Your Spells              Type           Power      Damage    Failure   Level
a - Beastly Appendage     Tmut           36%        N/A       7%          1
b - Wereblood             Tmut           18%        N/A       11%         2
c - Vampiric Draining     Necr           16%        2d7       24%         3

Your spell library contained the following spells:

 Spells                   Type           Power      Damage    Failure   Level
 Animate Skeleton         Necr           32%        N/A       9%          1
 Pain                     Necr           64%        1d7       9%          1
 Sublimation of Blood     Necr           16%        N/A       12%         2
 Shock                    Conj/Air       12%        1d3       28%         1
 Summon Small Mammal      Summ           12%        N/A       28%         1
 Spider Form              Tmut/Pois      10%        N/A       38%         3
 Call Canine Familiar     Summ           3%         N/A       63%         3
 Summon Guardian Golem    Hex/Summ       3%         N/A       63%         3
 Swiftness                Air            3%         N/A       63%         3
 Ice Form                 Ice/Tmut       10%        N/A       80%         4
 Airstrike                Air            1%         N/A       95%         4

Inventory:

Hand Weapons
 c - a +0 whip {mace}
   (You took it off a kobold on level 1 of the Dungeon)
 d - a +0 dagger {short}
   (You took it off a goblin on level 1 of the Dungeon)
 i - a +0 club {mace}
   (You took it off a kobold on level 1 of the Dungeon)
 j - a +0 dagger {short}
   (You took it off a goblin on level 1 of the Dungeon)
 l - a +0 dagger {short}
   (You found it on level 1 of the Dungeon)
 p - a +0 mace {mace}
   (You found it on level 2 of the Dungeon)
 q - a +0 club {mace}
   (You took it off a goblin on level 2 of the Dungeon)
 r - a +0 dagger {short}
   (You took it off a kobold on level 2 of the Dungeon)
 s - a +0 rapier {short}
   (You found it on level 2 of the Dungeon)
 t - a +0 dagger {short}
   (You took it off a kobold on level 2 of the Dungeon)
 u - a +0 short sword {short}
   (You took it off a kobold on level 2 of the Dungeon)
 v - a +0 rapier {short}
   (You found it on level 2 of the Dungeon)
 x - a +0 dagger of venom (weapon) {short}
   (You took it off a kobold on level 2 of the Dungeon)
Missiles
 f - 4 javelins {throwing}
 g - 9 poisoned darts {throwing}
 k - 118 stones {throwing}
 A - 2 boomerangs {throwing}
Armour
 a - a +0 robe (worn)
 m - a +0 buckler (worn)
   (You found it on level 1 of the Dungeon)
 o - a +0 helmet
   (You found it on level 2 of the Dungeon)
 E - a +0 pair of gloves (worn)
   (You found it on level 3 of the Dungeon)
Wands
 C - a wand of mindburst (7)
   (You found it on level 3 of the Dungeon)
Scrolls
 e - a scroll of enchant armour {unknown}
 n - a scroll of fog {unknown}
 w - a scroll of blinking {unknown}
 y - 2 scrolls of identify {unknown}
 B - a scroll of noise {unknown}
 D - a scroll of teleportation {unknown}
Potions
 b - a potion of lignification {!q}
 h - 3 potions of brilliance
 z - a potion of curing {unknown}

Dungeon Overview and Level Annotations

Branches:
Dungeon (3/15)

Altars:
Kikubaaqudgha

...# #......# ##.#.....#.##.....
...# #..[...#####.#.#####.#######
.#.# ###..........#.......# #
...###.....######################
..>........'...... ,..........
##.........############# #.#....
######.....##..........#* ,,#....
###.....#####...)o.....# #....
.........###....@b.....#* #....
###....<........#†...... #....
######.##)....#....... * #.... ,,
...##.....#.......* #.... * ,
######.....#....... ,+.... ,
##....#....... #.... , * *
#....#....... #....
.....#.....<.* ##### * #.#####* *
#


You could see an orc (berserk) and a bat.


Message History

Aiming: Vampiric Draining (quite dangerous; 24% risk of failure)
Press: ? - help, Shift-Dir - straight line, f - kobold
Aim: a kobold, wielding a +0 short sword You draw life force from the kobold.
You feel a bit better.
You kill the kobold!
Kikubaaqudgha accepts your kill.
You feel life coursing into your body. 😕 HP[+5] MP[-3]
You regained 5 hp, and now have 38/42 hp.
You lost 3 mp, and now have 2/9 mp.
Your magical contamination has completely faded away. 😕 MP[+1]
An orc comes into view. It is wielding a +1 mace of protection.
You howl as the wereblood boils in your veins!
You hear an angry hiss.
You hear a shout! x2
The orc throws a stone.
The stone barely misses you.
An orc priest, a hobgoblin, a ball python and a bat come into view.
Found an escape hatch in the ceiling.
The orc shouts!
The orc priest shouts!
The hobgoblin shouts!
The ball python hisses angrily.
The ball python closely misses you. You block the ball python's attack.
The orc priest mumbles some strange prayers to Beogh against you.
Beogh smites you!
The orc throws a stone.
The stone closely misses you. 😮 HP[-11]
You take 11 damage, and now have 27/42 hp.
MASSIVE DAMAGE!! (PAUSE)
Casting: Vampiric Draining (quite dangerous; 24% risk of failure)
Confirm with . or Enter, or press ? or * to list all spells.
The spell is quite dangerous to miscast (24% risk of failure)!
Continue anyway?
Aiming: Vampiric Draining (quite dangerous; 24% risk of failure)
Press: ? - help, Shift-Dir - straight line, f - ball python
Aim: a ball python You draw life force from the ball python!
You feel a bit better.
You kill the ball python!
Kikubaaqudgha accepts your kill.
You feel life coursing into your body.
You howl as the wereblood boils in your veins!
The orc priest drinks a potion.
The orc priest flickers and vanishes!
Deactivating autopickup; reactivate with Ctrl-A.
Your Necromancy skill increases to level 3! 😕 HP[+5] MP[-3]
You regained 5 hp, and now have 32/42 hp.
You lost 3 mp, and now have 0/9 mp.
You hit the hobgoblin.
The hobgoblin is poisoned.
Your kick misses the hobgoblin. The hobgoblin hits you.
You hear some strange, mumbled prayers to Beogh.
The orc hits you with a +0 war axe. 😮 HP[-1]
You take 1 damage, and now have 31/42 hp.
You hit the hobgoblin.
You feel a bit better.
You kill the hobgoblin!
Kikubaaqudgha accepts your kill.
The bat hits you but does no damage. 😕 HP[+1]
You hit the orc.
The orc is poisoned.
You claw the orc, but do no damage. Your headbutt misses the orc.
The bat closely misses you. The orc hits you with a +0 war axe!
The orc drinks a potion.
The orc goes berserk! 😮 HP[-7]
You take 7 damage, and now have 25/42 hp.
Unknown command.
Unknown command.
Unknown command.
You barely miss the orc. Your kick misses the orc. You block the bat's attack.
Something hits you. 😮 HP[-2]
You take 2 damage, and now have 23/42 hp.
You hit the orc.
The orc looks as sick as possible!
You howl as the wereblood boils in your veins!
You feel a bit better.
You kill the orc!
Kikubaaqudgha accepts your kill. The bat hits you but does no damage.
The orc closely misses you. Something hits you. 😮 HP[+2]
You regained 2 hp, and now have 25/42 hp.
You hit the orc but do no damage. You claw the orc, but do no damage.
The bat barely misses you.
The orc hits you with a +1 mace of protection!
* * * LOW HITPOINT WARNING * * *
Something hits you.
* * * LOW HITPOINT WARNING * * *
😨 HP[-11] MP[+1]
You take 11 damage, and now have 14/42 hp.
MASSIVE DAMAGE!! (PAUSE) Unknown command.
Okay, then.
It was a potion of brilliance.
You feel clever all of a sudden. The bat hits you but does no damage.
The orc hits you with a +1 mace of protection!
* * * LOW HITPOINT WARNING * * *
The bat closely misses you. The orc barely misses you.
You hear something mumble some strange prayers to Beogh against you.
Beogh smites you!
You die...
Kikubaaqudgha rasps: "You have failed me!
Welcome... death!"

Skill      XL: |  1  2  3  4  5 |
---------------+----------------+-----
Transmutations | 2 3 |  3.2
Necromancy     | 1 2 3 |  3.0
Spellcasting   | 2 |  2.9
Fighting       | |  0.8
Dodging        | |  2.1
Unarmed Combat | |  2.6

Action                   |  1- 3 |  4- 6 || total
-------------------------+-------+-------++-------
Melee: Unarmed           |    82 |       ||    82
       Kick              |    22 |    18 ||    40
       Headbutt          |     9 |     3 ||    12
       Dagger            |    25 |    58 ||    83
 Cast: Beastly Appendage |    22 |    10 ||    32
       Wereblood         |    18 |    10 ||    28
       Vampiric Draining |       |     4 ||     4
  Use: Potion            |       |     1 ||     1
Armor: Robe              |    22 |    13 ||    35
Dodge: Dodged            |    57 |    31 ||    88
Block: Buckler           |    14 |     8 ||    22

Levels and vault maps discovered:
D:1:      evilmike_arrival_crescent, layout_loops_ring,
          ebering_ecumenical_altar_abandoned, nrook_uturn
D:2:      layout_loops_ring
D:3:      layout_basic

Notes
Turn   | Place    | Note
-------+----------+-------------------------------------------
     0 | D:1      | spaghetti the Deep Dwarf Transmuter began the quest for the
                  | Orb.
     0 | D:1      | Reached XP level 1. HP: 16/16 MP: 3/3
     0 | D:1      | magus.rc [v1.9.6]
    27 | D:1      | Reached skill level 2 in Transmutations
    65 | D:1      | You pick up a book of Air and begin reading...
    65 | D:1      | You add the spells Shock, Swiftness and Airstrike to your
                  | library.
   238 | D:1      | Found a faded altar of an unknown god.
   243 | D:1      | Reached XP level 2. HP: 16/24 MP: 2/4
   249 | D:1      | Prayed at the altar of an unknown god.
   249 | D:1      | Became a worshipper of Kikubaaqudgha
   249 | D:1      | Reached * piety under Kikubaaqudgha
   249 | D:1      | You add the spells Animate Skeleton, Pain, Sublimation of
                  | Blood and Vampiric Draining to your library.
   249 | D:1      | Received a gift from Kikubaaqudgha
   257 | D:1      | Learned a level 2 spell: Wereblood
  1255 | D:2      | Reached skill level 1 in Necromancy
  1358 | D:2      | Reached XP level 3. HP: 30/30 MP: 1/5
  1382 | D:2      | Reached skill level 2 in Spellcasting
  1787 | D:2      | Reached skill level 3 in Transmutations
  1831 | D:2      | Reached ** piety under Kikubaaqudgha
  1898 | D:2      | Learned a level 3 spell: Vampiric Draining
  1903 | D:2      | Reached skill level 2 in Necromancy
  2113 | D:2      | Reached XP level 4. HP: 32/37 MP: 4/7
  2544 | D:3      | Reached XP level 5. HP: 27/43 MP: 6/9
  2626 | D:3      | You pick up a book of Callings and begin reading...
  2626 | D:3      | You add the spells Summon Small Mammal, Call Canine
                  | Familiar and Summon Guardian Golem to your library.
  2832 | D:3      | Reached skill level 3 in Necromancy
  2838 | D:3      | HP: 7/42 [orc/+1 mace of protection (7)]
  2838 | D:3      | Killed from afar by an orc priest

Vanquished Creatures
  5 adders
  4 gnolls (D:3)
  4 worms
  A dart slug (D:2)
  4 orcs (D:3)
  3 endoplasms
  3 giant cockroaches
  4 goblins
  4 hobgoblins
  A quokka (D:1)
  8 ball pythons
  5 bats
  7 frilled lizards
  9 kobolds
  5 rats
67 creatures vanquished.

Table legend:
 A = Non-vault XP
 B = Vault XP
 C = Vault XP percentage of total XP
 D = Non-vault monster count
 E = Vault monster count
 F = Vault count percentage of total count
                 A         B        C        D         E       F
            +---------+---------+-------+---------+---------+-------
      Total |     235 |       0 |   0.0 |      67 |       0 |   0.0
            +---------+---------+-------+---------+---------+-------
        D:1 |      28 |       0 |   0.0 |      21 |       0 |   0.0
        D:2 |      96 |       0 |   0.0 |      24 |       0 |   0.0
        D:3 |     111 |       0 |   0.0 |      22 |       0 |   0.0
            +---------+---------+-------+---------+---------+-------

Illustrated notes

Table legend:
 A = Kills in this place as a percentage of kills in entire the game.
 B = Kills by you in this place as a percentage of kills by you in the entire game.
 C = Kills by friends in this place as a percentage of kills by friends in the entire game.
 D = Other kills in this place as a percentage of other kills in the entire game.
 E = Experience gained in this place as a percentage of experience gained in the entire game.
 F = Experience gained in this place divided by the number of levels of this place that you have seen.
                   A       B       C       D       E      F
               +-------+-------+-------+-------+-------+----------------------
         Total | 100.0 | 100.0 |   N/A |   N/A | 100.0 |  78.3
       Dungeon | 100.0 | 100.0 |   N/A |   N/A | 100.0 |  78.3
               +-------+-------+-------+-------+-------+----------------------

Table legend: (Time is in decaauts)
 A = Elapsed time spent in this place.
 B = Non-inter-level travel time spent in this place.
 C = Inter-level travel time spent in this place.
 D = Time resting spent in this place.
 E = Time spent auto-exploring this place.
 F = Levels seen in this place.
 G = Mean time per level.
                   A        B        C        D        E       F      G
               +--------+--------+--------+--------+--------+-----+--------+
         Total |   2839 |   2765 |     74 |    402 |   1903 |   3 |  946.3 |
       Dungeon |   2839 |   2765 |     74 |    402 |   1903 |   3 |  946.3 |
               +--------+--------+--------+--------+--------+-----+--------+

Top non-repeatable levels by time:
     D:1: 1245 daAuts
     D:2: 1070 daAuts
     D:3: 524 daAuts
